General information
- name: BNet
- type: Ladder team game (AT/RT)
- host: Battle.net
- saver: Tywin-Lannister
map: FullScaleAssault
- players: 8
- length: 37:18
- speed: Fast
- version: 1.26 W3XP
- replay type: Public
» download(166 KB)
Players
team 1 (loser)

»
copenskoal (
green | 65 APM | 2429 actions | 37:17)
9 Archmage
3 Summon Water Elemental
2 Brilliance Aura
3 Blizzard
1 Mass Teleport
» actions
| Assign group hotkey | 109 | |
| Basic commands | 93 | |
| Build / train | 114 | |
| ESC pressed | 1 | |
| Enter build submenu | 37 | |
| Enter hero's abilities submenu | 9 | |
| Right click | 744 | |
| Select / deselect | 427 | |
| Select group hotkey | 758 | |
| Use ability | 137 | |
2429 total
» units
| Peasant | 27 | |
| Acolyte | 1 | |
| Ghoul | 1 | |
| Footman | 19 | |
| Goblin Shredder | 1 | |
| Gryphon Rider | 5 | |
| Mortar Team | 11 | |
| Knight | 7 | |
| Dragonhawk Rider | 1 | |
| Goblin Zeppelin | 1 | |
74 total
» upgrades
| Defend | 1 | |
| Animal War Training | 1 | |
| Storm Hammers | 1 | |
| Fragmentation Shards | 1 | |
| Gunpowder | 2 | |
| Masonry | 1 | |
7 total
» buildings
| Altar of Kings | 1 | |
| Graveyard | 1 | |
| Crypt | 1 | |
| Barracks | 7 | |
| Farm | 16 | |
| Town Hall | 4 | |
| Keep | 1 | |
| Castle | 2 | |
| Lumber Mill | 1 | |
| Blacksmith | 1 | |
| Arcane Vault | 1 | |
| Gryphon Aviary | 3 | |
| Workshop | 1 | |
40 total
» build order
00:14 Altar of Kings
00:21 Graveyard
00:24 Crypt
00:28 Barracks
00:59 Farm
01:14 Farm
02:29 Farm
04:08 Farm
04:11 Town Hall
05:56 Farm
06:59 Keep
10:10 Castle
11:01 Lumber Mill
11:02 Blacksmith
11:12 Farm
11:15 Arcane Vault
12:13 Gryphon Aviary
12:15 Gryphon Aviary
12:36 Gryphon Aviary
12:39 Workshop
13:19 Town Hall
14:10 Farm
14:33 Farm
14:38 Farm
14:42 Farm
14:43 Farm
14:43 Farm
14:45 Farm
14:46 Farm
14:48 Farm
18:34 Barracks
21:02 Town Hall
21:37 Town Hall
35:30 Barracks
35:31 Barracks
35:31 Barracks
35:32 Barracks
35:33 Barracks
» items
| Scroll of Town Portal | 3 | |
| Scroll of Regeneration | 4 | |
| Mechanical Critter | 2 | |
| Lesser Clarity Potion | 1 | |
10 total
Jaime-Lannister (
orange | 49 APM | 1818 actions | 37:17)
2 Blood Mage
1 Flame Strike
1 Banish
» actions
| Basic commands | 82 | |
| Build / train | 28 | |
| Enter build submenu | 8 | |
| Enter hero's abilities submenu | 2 | |
| Right click | 1499 | |
| Select / deselect | 156 | |
| Use ability | 43 | |
1818 total
» units
» buildings
| Altar of Kings | 1 | |
| Farm | 4 | |
| Barracks | 1 | |
| Arcane Vault | 1 | |
7 total
» build order
00:47 Altar of Kings
00:52 Farm
02:11 Barracks
02:48 Arcane Vault
03:11 Farm
03:18 Farm
03:20 Farm
» items
| Mechanical Critter | 2 | |
| Scroll of Regeneration | 2 | |
| Lesser Clarity Potion | 3 | |
| Scroll of Town Portal | 2 | |
| Boots of Speed | 1 | |
| Periapt of Vitality | 1 | |
| Potion of Lesser Invulnerability | 1 | |
| Circlet of Nobility | 1 | |
13 total

»
7_of_you_suck (
teal | 44 APM | 1652 actions | 37:16)
8 Tauren Chieftain
3 War Stomp
3 Endurance Aura
1 Reincarnation
1 Shockwave
7 Shadow Hunter
3 Hex
2 Healing Wave
1 Big Bad Voodoo
1 Serpent Ward
6 Dark Ranger
2 Black Arrow
3 Silence
1 Charm
» actions
| Basic commands | 9 | |
| Build / train | 127 | |
| Enter build submenu | 30 | |
| Enter hero's abilities submenu | 21 | |
| Give item / drop item | 14 | |
| Remove unit from queue | 5 | |
| Right click | 694 | |
| Select / deselect | 631 | |
| Use ability | 121 | |
1652 total
» units
| Peon | 35 | |
| Acolyte | 1 | |
| Grunt | 3 | |
| Troll Headhunter/Berserker | 4 | |
| Wind Rider | 7 | |
| Goblin Zeppelin | 1 | |
| Tauren | 2 | |
| Raider | 3 | |
| Kodo Beast | 1 | |
| Shaman | 3 | |
| Troll Witch Doctor | 2 | |
62 total
» upgrades
| Armor | 2 | |
| Melee Weapons | 2 | |
| Ranged Weapons | 3 | |
| Troll Regeneration | 1 | |
| Envenomed Spears | 1 | |
| Pillage | 1 | |
| Witch Doctor Training | 2 | |
| Berserker Upgrade | 1 | |
| Shaman Training | 2 | |
| Ensnare | 1 | |
| War Drums Damage Increase | 1 | |
| Liquid Fire | 1 | |
| Reinforced Defenses | 1 | |
| Pulverize | 1 | |
| Berserker Strength | 1 | |
| Backpack | 1 | |
| Burning Oil | 1 | |
| Spirit Walker Training | 2 | |
25 total
» buildings
| Crypt | 1 | |
| Ziggurat | 2 | |
| Barracks | 1 | |
| Orc Burrow | 10 | |
| Altar of Darkness | 1 | |
| Altar of Storms | 1 | |
| War Mill | 3 | |
| Voodoo Lounge | 1 | |
| Stronghold | 1 | |
| Fortress | 1 | |
| Beastiary | 2 | |
| Great Hall | 2 | |
| Spirit Lodge | 1 | |
| Tauren Totem | 1 | |
| Town Hall | 1 | |
| Keep | 1 | |
30 total
» build order
00:12 Crypt
00:14 Ziggurat
00:26 Barracks
00:31 Orc Burrow
00:50 Ziggurat
01:01 Altar of Darkness
01:09 Altar of Storms
01:13 Orc Burrow
02:09 War Mill
02:21 Voodoo Lounge
03:28 Orc Burrow
05:02 Stronghold
06:14 Orc Burrow
07:01 Orc Burrow
08:25 Fortress
08:31 Beastiary
08:47 Beastiary
14:24 Great Hall
15:17 Orc Burrow
17:32 Spirit Lodge
23:36 Orc Burrow
23:42 Orc Burrow
23:45 Orc Burrow
23:50 Tauren Totem
23:52 Orc Burrow
25:13 Great Hall
33:17 Town Hall
35:48 War Mill
35:50 War Mill
37:09 Keep
» items
| Scroll of Town Portal | 6 | |
| Healing Salve | 1 | |
| Orb of Lightning | 1 | |
8 total
team 2 (winner)

»
aquila_viana (
red | 67 APM | 1887 actions | 27:57)
4 Demon Hunter
2 Immolation
2 Evasion
5 Dreadlord
3 Sleep
2 Vampiric Aura
4 Paladin
2 Divine Shield
2 Devotion Aura
2 Priestess of the Moon
1 Searing Arrows
1 Trueshot Aura
» actions
| Assign group hotkey | 30 | |
| Basic commands | 116 | |
| Build / train | 182 | |
| ESC pressed | 6 | |
| Enter build submenu | 57 | |
| Enter hero's abilities submenu | 15 | |
| Right click | 423 | |
| Select / deselect | 445 | |
| Select group hotkey | 521 | |
| Use ability | 92 | |
1887 total
» units
| Wisp | 25 | |
| Acolyte | 3 | |
| Rifleman | 29 | |
| Archer | 4 | |
| Ghoul | 1 | |
| Huntress | 10 | |
| Crypt Fiend | 19 | |
| Hippogryph | 23 | |
| Dryad | 5 | |
| Mountain Giant | 2 | |
| Siege Engine | 3 | |
| Mortar Team | 1 | |
125 total
» upgrades
| Gunpowder | 2 | |
| Creature Attack | 3 | |
| Creature Carapace | 3 | |
| Web | 1 | |
| Strength of the Wild | 3 | |
| Reinforced Hides | 3 | |
| Abolish Magic | 1 | |
| Ultravision | 1 | |
| Long Rifles | 1 | |
| Well Spring | 1 | |
| Armor | 1 | |
| Nature's Blessing | 1 | |
| Barrage | 1 | |
22 total
» buildings
| Altar of Elders | 1 | |
| Moon Well | 8 | |
| Altar of Darkness | 1 | |
| Ziggurat | 5 | |
| Ancient of War | 1 | |
| Altar of Kings | 1 | |
| Farm | 10 | |
| Barracks | 2 | |
| Blacksmith | 1 | |
| Crypt | 2 | |
| Hunter's Hall | 1 | |
| Graveyard | 1 | |
| Tomb of Relics | 1 | |
| Halls of the Dead | 1 | |
| Tree of Life | 1 | |
| Tree of Ages | 1 | |
| Ancient Protector | 3 | |
| Keep | 1 | |
| Ancient of Wind | 2 | |
| Ancient of Lore | 3 | |
| Tree of Eternity | 1 | |
| Ancient of Wonders | 1 | |
| Arcane Vault | 1 | |
| Black Citadel | 1 | |
| Workshop | 4 | |
| Castle | 1 | |
56 total
» build order
00:39 Altar of Elders
00:43 Moon Well
00:55 Altar of Darkness
00:59 Ziggurat
01:21 Ancient of War
01:29 Moon Well
01:41 Altar of Kings
01:44 Farm
01:48 Barracks
01:51 Blacksmith
02:01 Farm
02:05 Farm
02:34 Ziggurat
02:36 Crypt
02:40 Crypt
02:44 Farm
02:45 Farm
02:56 Moon Well
03:36 Hunter's Hall
03:52 Graveyard
04:01 Moon Well
04:23 Barracks
04:34 Tomb of Relics
05:26 Moon Well
05:33 Farm
05:36 Farm
06:16 Farm
06:24 Moon Well
06:38 Halls of the Dead
07:05 Tree of Life
07:19 Tree of Ages
07:27 Ancient Protector
07:28 Ancient Protector
07:29 Ancient Protector
08:07 Keep
09:51 Ziggurat
10:00 Ziggurat
10:02 Ziggurat
10:53 Ancient of Wind
10:57 Ancient of Lore
11:03 Ancient of Lore
12:12 Ancient of Lore
12:17 Ancient of Wind
12:31 Tree of Eternity
13:45 Ancient of Wonders
13:51 Arcane Vault
15:59 Farm
16:06 Moon Well
16:07 Moon Well
19:15 Black Citadel
19:45 Workshop
19:50 Workshop
19:55 Workshop
19:57 Castle
21:20 Farm
21:26 Workshop
» items
| Orb of Venom | 1 | |
| Potion of Healing | 4 | |
| Scroll of Town Portal | 2 | |
7 total
Tywin-Lannister (
yellow | 28 APM | 1027 actions | 37:18)
5 Archmage
3 Summon Water Elemental
2 Brilliance Aura
» actions
| Assign group hotkey | 20 | |
| Basic commands | 22 | |
| Build / train | 72 | |
| Enter build submenu | 55 | |
| Enter hero's abilities submenu | 5 | |
| Give item / drop item | 1 | |
| Right click | 373 | |
| Select / deselect | 294 | |
| Select group hotkey | 87 | |
| Use ability | 97 | |
1027 total
» units
| Peasant | 28 | |
| Footman | 14 | |
| Knight | 1 | |
| Goblin Zeppelin | 1 | |
44 total
» upgrades
| Swords | 3 | |
| Plating | 3 | |
| Backpack | 1 | |
| Masonry | 3 | |
| Animal War Training | 1 | |
11 total
» buildings
| Altar of Kings | 2 | |
| Farm | 32 | |
| Lumber Mill | 5 | |
| Barracks | 5 | |
| Scout Tower | 18 | |
| Blacksmith | 4 | |
| Guard Tower | 9 | |
| Town Hall | 4 | |
| Keep | 1 | |
| Arcane Vault | 4 | |
| Castle | 1 | |
85 total
» build order
00:05 Altar of Kings
00:24 Farm
01:04 Lumber Mill
01:13 Barracks
01:17 Farm
02:23 Farm
02:25 Farm
02:31 Scout Tower
02:32 Scout Tower
02:34 Scout Tower
03:05 Blacksmith
03:12 Guard Tower
03:16 Farm
03:35 Guard Tower
04:04 Guard Tower
05:26 Farm
05:28 Farm
05:30 Farm
05:31 Farm
06:20 Town Hall
06:54 Barracks
08:06 Farm
08:07 Farm
08:08 Farm
08:09 Farm
08:11 Barracks
10:08 Town Hall
10:18 Farm
10:19 Farm
10:21 Farm
10:22 Farm
10:24 Barracks
10:38 Scout Tower
10:40 Scout Tower
10:48 Scout Tower
10:49 Scout Tower
11:39 Blacksmith
12:56 Keep
12:59 Guard Tower
13:02 Arcane Vault
14:16 Arcane Vault
14:19 Arcane Vault
14:43 Guard Tower
15:16 Lumber Mill
15:18 Guard Tower
17:29 Castle
19:00 Scout Tower
19:02 Scout Tower
19:05 Scout Tower
19:07 Scout Tower
19:08 Scout Tower
20:28 Scout Tower
20:30 Scout Tower
20:33 Scout Tower
20:34 Scout Tower
20:46 Lumber Mill
20:49 Lumber Mill
20:53 Farm
20:54 Farm
20:55 Farm
21:34 Guard Tower
22:04 Guard Tower
22:26 Guard Tower
23:45 Town Hall
23:51 Farm
23:53 Farm
23:54 Farm
23:56 Farm
23:57 Farm
24:01 Arcane Vault
24:04 Blacksmith
29:04 Town Hall
30:20 Farm
30:22 Farm
30:23 Farm
30:25 Farm
30:28 Lumber Mill
30:31 Blacksmith
30:33 Barracks
30:35 Scout Tower
30:36 Scout Tower
34:18 Altar of Kings
34:21 Farm
34:23 Farm
34:24 Farm
drenchcoat (
blue | 42 APM | 14 actions | 00:20)
» actions
| Basic commands | 1 | |
| Build / train | 10 | |
| Select / deselect | 2 | |
| Use ability | 1 | |
14 total
» units
Chat log
(00:18 / All) copenskoal: NO
(00:25 / All) 7_of_you_suck: SWEET
(00:26 / All) Jaime-Lannister: Damn cowards.
(00:34 / All) 7_of_you_suck: lol
(00:41 / All) 7_of_you_suck: why would they leave if its 4v3
(00:54 / All) copenskoal: glhf
(02:01 / All) Tywin-Lannister: Come Red, we must bind these insurgents to the Iron Throne.
(05:12 / All) Tywin-Lannister: Red, outlaws have captured of my Gold Mines in the East. Defend our lands while I recapture it.
(06:40 / All) Tywin-Lannister: Alright men, establish a camp here while I continue my Campaign.
(07:14 / All) copenskoal: lol
(07:19 / All) copenskoal: worst team ive had in a while
(09:41 / All) Tywin-Lannister: I must needs rally a new host, I will retire for Lannisport for the time being.
(12:00 / All) Jaime-Lannister: My allies have betrayed me, I must needs create a new base to raise a host once more.
(12:41 / All) Tywin-Lannister: I will send you several shipments of supplies to assist you my son.
(12:50 / All) Jaime-Lannister: Thank you, Father.
(13:27 / All) Jaime-Lannister: My treacherous allies soon plan to meet you and yours on the battlefiend, Father. Best prepare.
(14:02 / All) Tywin-Lannister: I have sent Kevan to rally our Knights, they should arrive in a fortnight.
(14:54 / Allies) aquila_viana: camon me
(15:39 / Allies) aquila_viana: noob
(16:29 / All) Tywin-Lannister: Our scouts have reported another Gold Mine in the mountains, we will begin scaling them to see if we can prepare new camps.
(16:53 / All) Tywin-Lannister: Outlaws are invading!
(18:02 / All) Tywin-Lannister: An Outlaw band had captured our Northern Mines
(18:13 / All) Tywin-Lannister: Son can you strike the outlaw's camps?
(18:35 / All) Jaime-Lannister: The outlaws have been run off, Father.
(18:44 / All) Tywin-Lannister: Excellent work.
(18:59 / All) Jaime-Lannister: I will begin striking their bases as they are distracted.
(19:40 / All) Tywin-Lannister: I'm fortifying our towns with additonal Guard Towers and hiring in new Watchmen, a needed expense at this time.
(21:31 / All) Tywin-Lannister: A regiment of Knights has arrived, we're striking out into the Mountains presently.
(23:15 / All) Tywin-Lannister: I've heard disturbing reports that Highgarden is being sacked, is this truth?
(23:32 / All) Jaime-Lannister: It appears so, Father.
(23:54 / All) aquila_viana: yelow VERY NOOB
(24:10 / All) Jaime-Lannister: The lawless brigands have seem to have no honor amongst them and fear a true battle.
(24:27 / All) Tywin-Lannister: Such is always their way.
(25:34 / All) Tywin-Lannister: A Lannister always pays his debts, Tarbeck.
(27:10 / All) copenskoal: EZ
(27:42 / All) aquila_viana: FUCK YELOW
(28:05 / All) Tywin-Lannister: Any more of this uncouth behviour and I will burn another of your Castles.
(28:31 / All) copenskoal: leave
(29:30 / All) Tywin-Lannister: Green, let us negoiate and bring you back to the King's Peace.
(29:59 / All) Tywin-Lannister: I offer you 10 000 Golden Dragons for Peace.
(30:16 / All) Tywin-Lannister: If you do not accept these terms I will destroy you, Root and Branch.
(30:37 / All) Jaime-Lannister: Green, I urge you to listen.
(30:55 / All) Jaime-Lannister: Accept my father's offer, and you will never be found wanting ever again.
(30:59 / All) Tywin-Lannister: Bah, these outlaws vex me.
(31:38 / All) copenskoal: leave noobs
(31:43 / All) copenskoal: noob*
(31:57 / All) Tywin-Lannister: Very well Green.
(32:08 / All) Tywin-Lannister: I have offered you fair terms and you have spat in my face.
(32:13 / All) copenskoal: stfu fag
(32:20 / All) Tywin-Lannister: I will crush you and wipe your name and family from history.
(33:54 / All) Tywin-Lannister: Son I have grevious news, Kevan has fallen in battle.
(34:04 / All) copenskoal: ur such a fuck
(34:05 / All) Jaime-Lannister: No... Not Kevan...
(34:11 / All) Jaime-Lannister: Those damn outlaws...
(35:35 / All) Tywin-Lannister: Son, rally the Southron Lords, we will lead a Campaign through the Riverlands and feed them Blood and Fire.
(35:48 / All) Jaime-Lannister: I will do this, Father.
(36:25 / All) Tywin-Lannister: Alas, I must retreat to King's Ladning.
(37:00 / All) Jaime-Lannister: These petty outlaws will prove to be no great matter once we muster the true force of Lannister.
(37:12 / All) Tywin-Lannister: I will return. with the bulk of our forces.